 Dungeon Crawl Stone Soup version 0.23.0-3-gf3c87f2 (webtiles) character file.

Game seed: 552914524458933784

45 Faca the Slinger (level 3, 0/31 HPs)
             Began as a Gnoll Hunter on Feb 20, 2019.
             Succumbed to a kobold's poison
             ... on level 1 of the Dungeon.
             The game lasted 00:02:38 (1496 turns).

Faca the Slinger (Gnoll Hunter)                     Turns: 1496, Time: 00:02:39

Health: 0/31       AC:  3    Str: 15    XL:     3   Next: 64%
Magic:  4/4        EV: 14    Int: 18    God:
Gold:   93         SH:  0    Dex: 15    Spells: 3/3 levels left

rFire    . . .     SeeInvis .   b - +0 short sword
rCold    . . .     Gourm    .   (no shield)
rNeg     . . .     Faith    .   c - +0 leather armour
rPois    .         Spirit   .   (no helmet)
rElec    .         Reflect  .   (no cloak)
rCorr    .         Harm     .   (no gloves)
MR       .....                  (no boots)
Stlth    ++........             (no amulet)
HPRegen  0.10/turn              (no ring)
MPRegen  0.09/turn              (no ring)

@: brilliant, lethally poisoned (0 -> -27), invisible
A: distributed training, fangs 1, strong nose
a: no special abilities


You were on level 1 of the Dungeon.
You were not hungry.

You visited 1 branch of the dungeon, and saw 2 of its levels.

You collected 93 gold pieces.

Inventory:

Hand Weapons
 a - a +1 hunting sling
 b - a +0 short sword (weapon)
Missiles
 d - 19 sling bullets
 e - 14 stones (quivered)
Armour
 c - a +0 leather armour (worn)
Scrolls
 h - 2 scrolls of identify {unknown}
 k - 3 scrolls of remove curse {unknown}
Potions
 i - a potion of might {unknown}
 j - a potion of cancellation {unknown}
Comestibles
 f - a ration


   Skills:
 + Level 4.5 Fighting
 + Level 0.8 Short Blades
 + Level 0.8 Long Blades
 + Level 0.8 Axes
 + Level 0.8 Maces & Flails
 + Level 0.8 Polearms
 + Level 0.8 Staves
 + Level 8.5 Slings
 + Level 0.8 Bows
 + Level 0.8 Crossbows
 + Level 0.8 Throwing
 + Level 0.8 Armour
 + Level 4.5 Dodging
 + Level 2.4 Stealth
 + Level 0.8 Shields
 + Level 0.8 Unarmed Combat
 + Level 0.8 Spellcasting
 + Level 0.5 Conjurations
 + Level 0.5 Hexes
 + Level 0.5 Charms
 + Level 0.5 Summonings
 + Level 0.5 Necromancy
 + Level 0.5 Translocations
 + Level 0.5 Transmutations
 + Level 0.5 Fire Magic
 + Level 0.5 Ice Magic
 + Level 0.5 Air Magic
 + Level 0.5 Earth Magic
 + Level 0.5 Poison Magic
 + Level 1.0 Invocations
 + Level 0.8 Evocations


You had 3 spell levels left.
You didn't know any spells.
Your spell library was empty.

Dungeon Overview and Level Annotations

Branches:
Dungeon (2/15)

Altars:

Annotations:
D:2 Robin


Innate Abilities, Weirdness & Mutations

Your experience applies equally to all skills.
You have very sharp teeth.
Your uncanny sense of smell can sniff out nearby items.


Message History

You feel very sick. The giant cockroach barely misses you.
The kobold misses you.
The giant cockroach bites you but does no damage.
You hit the kobold.
You kill the kobold!
* * * LOW HITPOINT WARNING * * *
You feel very sick.
The giant cockroach bites you but does no damage.
Unknown command.
You hit the giant cockroach.
You kill the giant cockroach!
* * * LOW HITPOINT WARNING * * *
You feel sick.
It was a potion of brilliance.
You feel clever all of a sudden.
* * * LOW HITPOINT WARNING * * *
You feel sick.
It was a potion of invisibility.
You fade into invisibility!
You die...

#.# #...#..#'#..#### ###
#.# ###'#####.####### ..#
#.# #................ #.#
#.# #.##.###########. #.#
#.# #.##.#....# ###'
#.##########.# #)##.#..⌠.#
##...
#..........#.####.##.'....#
#....
##########......).####..⌠.#
#..## #......@†# #....#
##..< ##...##### #######
#### ##.###########.#.#
#....(.........).####
#..###########......#
#..####### ######.#
#........# #.# #####
#.######.##########.###
....# #.# #...............


There were no monsters in sight!

Vanquished Creatures
  An adder (D:1)
  3 dart slugs (D:1)
  A ball python (D:1)
  3 giant cockroaches (D:1)
  4 goblins (D:1)
  5 hobgoblins (D:1)
  5 kobolds (D:1)
  A bat (D:1)
  A frilled lizard (D:1)
  7 rats (D:1)
31 creatures vanquished.

Notes
Turn   | Place    | Note
-------+----------+-------------------------------------------
     0 | D:1      | Faca the Gnoll Hunter began the quest for the Orb.
     0 | D:1      | Reached XP level 1. HP: 20/20 MP: 1/1
   134 | D:1      | Reached XP level 2. HP: 26/26 MP: 2/2
   800 | D:1      | Reached XP level 3. HP: 31/31 MP: 3/3
  1190 | D:1      | Reached skill level 1 in Invocations
  1489 | D:2      | Noticed Robin
  1496 | D:1      | Succumbed to a kobold's poison

Skill      XL: |  1  2  3 |
---------------+----------+-----
Invocations    | 1 |  1.0
Fighting       | |  4.5
Short Blades   | |  0.8
Long Blades    | |  0.8
Axes           | |  0.8
Maces & Flails | |  0.8
Polearms       | |  0.8
Staves         | |  0.8
Slings         | |  8.5
Bows           | |  0.8
Crossbows      | |  0.8
Throwing       | |  0.8
Armour         | |  0.8
Dodging        | |  4.5
Stealth        | |  2.4
Shields        | |  0.8
Unarmed Combat | |  0.8
Spellcasting   | |  0.8
Conjurations   | |  0.5
Hexes          | |  0.5
Charms         | |  0.5
Summonings     | |  0.5
Necromancy     | |  0.5
Translocations | |  0.5
Transmutations | |  0.5
Fire Magic     | |  0.5
Ice Magic      | |  0.5
Air Magic      | |  0.5
Earth Magic    | |  0.5
Poison Magic   | |  0.5
Evocations     | |  0.8

Action                   || total
-------------------------++-------
Melee: Short sword       ||   101
       Bite              ||    11
 Fire: Hunting sling     ||     5
  Use: Potion            ||     2
 Stab: Sleeping          ||     4
  Eat: Ration            ||     1
Armor: Leather armour    ||    12
Dodge: Dodged            ||    71
